← All builds
Tech / Armada / Economy first / OBSERVED BUILD

Liche bombers

Armada Tech (Eco) build order · Supreme Isthmus

Rushes a T1 then Advanced Aircraft Plant by 10 minutes to field Liche atomic bombers with Highwind escort around 10:00, a unique air plan for Tech that strikes toward the middle and enemy base.

Usually first T2 con to Geo (100%)

#air #push · 5 distinct matches · 2 players · 0% of Armada Tech games · team won 4 of 5 · Recently observed

THE CATCH, AND WHAT COMES WITH IT
  • LicheT2 air bombers from 10:03 · 1% of role by thenFrom the Advanced Aircraft Plant. Only 1% of Tech games have it by then; others who build it get it around 13:01
  • Advanced Aircraft PlantAdvanced Aircraft Plant in 100%2% of all Tech games by then
  • Aircraft PlantAircraft Plant in 100%8% of all Tech games by then
  • OracleOracle in 100%1% of all Tech games by then
  • HighwindHighwind in 80%1% of all Tech games by then

Where those units first fight, in 5 games with kill data: in the middle 60%, on their own side 40%.

Those units destroy a typical 4,320 metal of enemy units by 15:00.

Then transitions into Highwind (26% of army), anti-nuke (18% of army).

HOW TO PLAY IT

Key timing: Advanced Aircraft Plant by 9:35

  1. Open standard mex and wind, drop a Bot Lab for early cons.
  2. Push Advanced Bot Lab and Advanced Metal Extractor as usual for team.
  3. Build an Aircraft Plant instead of pure ground T2 supply.
  4. Queue Advanced Aircraft Plant right after the T1 plant.
  5. Pump Liche bombers with Highwind and Oracle escort, then keep scaling eco.

Phase by phase

TYPICAL OF ITS 5 GAMES · AGAINST STANDARD TECH
  1. 1
  2. 2
  3. 3
  4. 4
  5. 5
PLAY THE OPENING

Follow the example game's first 11:03 step by step: what to build now, what comes next, and where it goes. At 1× it keeps pace with your own game.

  1. 1

    Up to the Bot Lab

    Economy
    • Metal Extractor3Mex
    • Wind Turbine5Wind
    Order
    1. Bot LabBot Lab after 3 mex, 5 winddone ~1:20, middle half 1:15–1:34

    Some games also: energy storage (40%)

    By 1:03 in all: 3 mex · 5 wind

    The example game in this phase · 3 steps
    1. Mex ×3
    2. Wind ×4
    3. Bot LabBot Labdone 1:15 · typical 1:20
  2. 2

    Bot Lab to Advanced Bot Lab

    Economy
    • Metal Extractor1Mex
    • Wind Turbine7Wind
    • Energy Storage1Energy storage
    Order
    1. Advanced Bot LabAdvanced Bot Lab after 4 mex, 12 wind, 3 con turretdone ~4:03, middle half 3:56–4:07
    Builders
    • Construction Turret3 Con turret
    • Lazarus3 Lazarus
    • Construction Bot1 Con bot
    • Construction Bot1 Con bot for allies

    Some games also: converter (40%)

    By 3:15 in all: 4 mex · 11 wind · 1 energy storage · 3 con turret

    The example game in this phase · 14 steps
    1. LazarusLazarus ×2
    2. Construction BotCon botfor Air
    3. Wind ×2
    4. Construction BotCon bot
    5. LazarusLazarus ×2
    6. Con turret
    7. Mex
    8. Con turret
    9. Wind ×2
    10. Converter ×2
    11. Wind ×3
    12. Energy storage
    13. Con turret
    14. Advanced Bot LabAdvanced Bot Labdone 4:00 · typical 4:03
  3. 3

    Advanced Bot Lab to 5:00

    Builders
    • Advanced Construction Bot2 T2 con bot for allies
    Army
    • Fatboy1 Fatboy for allies

    Some games also: converter (40%) · wind (40%)

    The standard build makes here, this one skips: 3 wind

    By 5:00 in all: 4 mex · 19 wind · 2 converter · 1 energy storage · 3 con turret

    The example game in this phase · 4 steps
    1. Advanced Construction BotT2 con botfor Geo
    2. FatboyFatboyfor Ponddone 4:37
    3. Advanced Construction BotT2 con botfor Air
    4. Advanced Metal ExtractorT2 mexdone 5:11 · typical 5:20
  4. 4

    5:00 to Aircraft Plant

    Economy
    • Wind Turbine33Wind
    • Energy Converter8Converter+5 vs standard
    • Metal Storage1Metal storage
    • Energy Storage1Energy storage
    Order
    1. Aircraft PlantAircraft Plant after 65 wind, 10 converter, 7 con turretdone ~9:26, middle half 9:01–9:29
    Builders
    • Construction Turret4 Con turret +4 vs standard
    • Butler8 Butler +2 vs standard
    • Advanced Construction Bot3 T2 con bot for allies

    Some games also: Butler for allies (40%)

    By 9:16 in all: 4 mex · 65 wind (standard 43) · 10 converter (standard 5) · 2 energy storage · 1 metal storage · 7 con turret (standard 3)

    The example game in this phase · 49 steps
    1. Advanced Metal ExtractorT2 mex ×2
    2. Wind
    3. Advanced Construction BotT2 con botfor Geo sea
    4. Wind ×4
    5. ButlerButler
    6. Wind
    7. Advanced Metal ExtractorT2 mex
    8. ButlerButler
    9. Wind
    10. ButlerButler ×4
    11. Wind ×2
    12. ButlerButler
    13. Wind ×2
    14. ButlerButler
    15. Wind ×3
    16. Advanced Construction BotT2 con botfor Beach sea
    17. Wind ×3
    18. Converter
    19. Wind ×3
    20. Converter
    21. Wind
    22. Advanced Construction BotT2 con botfor Pond
    23. Wind ×5
    24. Converter
    25. Wind ×5
    26. Converter
    27. Wind
    28. Advanced Construction BotT2 con botfor Suicide front
    29. Wind
    30. Con turret
    31. Wind ×3
    32. Converter
    33. Con turret
    34. Wind ×6
    35. Con turret
    36. Wind
    37. Converter
    38. Wind ×2
    39. Con turret
    40. Wind ×2
    41. Metal storage
    42. Wind
    43. Converter
    44. Wind
    45. Energy storage
    46. Wind ×4
    47. Converter
    48. Wind
    49. Aircraft PlantAircraft Plantdone 9:29 · typical 9:26
  5. 5

    Aircraft Plant to T2 air bombers

    Economy
    • Wind Turbine21Wind
    • Energy Converter4Converter+2 vs standard
    Order
    1. Advanced Aircraft PlantAdvanced Aircraft Plant after 75 wind, 12 converter, 9 con turret
    2. LicheT2 air bombers after 88 wind, 14 converter, 9 con turretdone ~10:44, middle half 10:13–10:54
    Builders
    • Construction Aircraft1 Con aircraft

    Some games also: con turret (40%) · scout plane (40%)

    By 10:03 in all: 4 mex · 88 wind (standard 60) · 14 converter (standard 8) · 2 energy storage · 1 metal storage · 9 con turret (standard 3)

    The example game in this phase · 122 steps
    1. Wind ×3
    2. Converter
    3. Wind ×4
    4. Construction AircraftCon aircraft
    5. Wind ×2
    6. Converter
    7. Wind
    8. Advanced Aircraft PlantAdvanced Aircraft Plantdone 10:02 · typical 10:02
    9. Wind ×2
    10. Converter
    11. Wind ×6
    12. Converter
    13. Wind ×5
    14. LicheLichedone 10:44 · typical 10:44
    15. Wind
    16. Converter
    17. Wind ×4
    18. Converter
    19. Wind ×6
    20. Converter
    21. Wind ×6
    22. Converter
    23. Wind
    24. Converter
    25. Wind
    26. OracleOracle
    27. Wind ×3
    28. Converter
    29. Wind
    30. HighwindHighwind
    31. Wind ×2
    32. Converter ×2
    33. HighwindHighwind
    34. Wind ×4
    35. HighwindHighwind
    36. Wind
    37. Converter
    38. Wind
    39. HighwindHighwind
    40. Wind ×4
    41. Converter
    42. HighwindHighwind
    43. Wind ×2
    44. HighwindHighwind
    45. Wind ×2
    46. Converter
    47. Wind ×2
    48. HighwindHighwind
    49. Wind ×2
    50. HighwindHighwind
    51. Wind ×2
    52. Converter
    53. Wind
    54. HighwindHighwind
    55. Wind ×2
    56. Converter
    57. Wind ×2
    58. HighwindHighwind
    59. Wind ×2
    60. HighwindHighwind
    61. Wind
    62. Converter
    63. Wind ×3
    64. HighwindHighwind
    65. Wind ×2
    66. Converter
    67. Advanced Construction AircraftT2 con aircraft
    68. Wind ×5
    69. Converter
    70. Wind
    71. Con turret
    72. Advanced Fusion ReactorAdvanced Fusion Reactordone 14:57
    73. Wind ×2
    74. Con turret
    75. Converter
    76. Wind ×2
    77. Con turret
    78. Wind ×4
    79. Converter
    80. Wind ×3
    81. Converter
    82. Con turret
    83. Converter
    84. Wind ×3
    85. Con turret
    86. Converter
    87. Wind
    88. Converter
    89. Con turret
    90. Wind ×2
    91. Converter ×2
    92. Wind ×4
    93. Converter ×2
    94. Wind ×2
    95. Converter ×2
    96. Wind ×4
    97. Converter ×2
    98. Wind ×4
    99. Converter ×2
    100. Wind ×2
    101. Converter ×2
    102. Wind ×4
    103. Converter ×2
    104. Wind ×2
    105. Converter
    106. Wind
    107. Converter
    108. Wind ×3
    109. Converter ×2
    110. Wind ×3
    111. Converter
    112. Wind
    113. Converter
    114. Wind ×2
    115. Converter ×2
    116. Wind ×2
    117. Converter
    118. Wind ×2
    119. Converter
    120. Con turret
    121. Advanced Fusion ReactorAdvanced Fusion Reactor
    122. Wind

Counts are medians over the build's games: half of them build more, half fewer. The example game is Syphos's (47 OS, 06/08/2026); pick another.

Team trades

IN AT LEAST 30% OF ITS GAMES

You hand over

  • Construction Bot1 Con bot to Airfirst at 2:45 · in 100% of games
  • Advanced Construction Bot5 T2 con bot to Geo or Air or Pondfirst at 4:20 · in 80% of games
  • Fatboy1 Fatboy to Pondfirst at 4:28 · in 60% of games
  • Butler2 Butler to Geo seafirst at 7:44 · in 40% of games

You get

  • Hercules1 Light transport from Airfirst at 3:49 · in 80% of games

How it plays out

Typical game of this build against the role’s standard build, running totals by minute

  • This build
  • Standard tech

Metal produced

020k40k
0:005:0010:0015:00

metal

Enemy metal destroyed

02k4k6k
0:005:0010:0015:00

metal

Own metal lost

01k2k3k
0:005:0010:0015:00

metal

5 games.

Show as table
ByMetal produced: This buildMetal produced: Standard techEnemy metal destroyed: This buildEnemy metal destroyed: Standard techOwn metal lost: This buildOwn metal lost: Standard tech
1:003843830000
2:009189150000
3:00175016410000
4:00318431550000
5:00488048650000
6:00576958080000
7:00732172300000
8:00922290970000
9:0012464112480000
10:0017392135840000
11:002031616433760000
12:002319620006285007000
13:002788123753285009000
14:003020227556477079250099
15:00362783166747703092900229
WHAT THE NUMBERS SAY

Won more often than the standard build and produced far more metal by 15:00, but traded that for much higher own losses once the bombers engaged.

  • + Destroyed 4770 enemy metal by 15:00 vs 400 for standard build.
  • + Metal production reached 17392 by 10:00 vs 13553 standard.
  • − Own metal lost jumped to 1940 by 15:00 vs 260 standard.
  • − Delays the role's usual T2 ground supply, only 1% of role games go air this early.
THE EXAMPLE YOU ARE READING

Syphos

47.0 OS · 06/08/2026

Open source match ↗

1 received units
4147 metal received · 121786 energy received

Allied construction assistance is unknown. Timings are observations, not a promise of solo reproducibility.

Typical milestones

Bot Lab1:20Middle 50%: 1:15–1:34 · n=5
Advanced Bot Lab4:03Middle 50%: 3:56–4:07 · n=4
Advanced Metal Extractor5:20Middle 50%: 5:11–5:53 · n=5
Aircraft Plant9:26Middle 50%: 9:01–9:29 · n=5
Advanced Aircraft Plant10:02Middle 50%: 9:26–10:06 · n=5
Liche10:44Middle 50%: 10:13–10:54 · n=5
Fusion Reactor13:54Middle 50%: 13:02–14:16 · n=3

Played most by

UsurpeR3games of this buildSyphos2games of this build

Supporting games

Pick a game to read and play it above.

UsurpeR05/10/2026 · 44 OS↗UsurpeR14/09/2026 · 47 OS↗UsurpeR23/08/2026 · 52 OS↗Syphos15/08/2026 · 42 OS↗Syphos06/08/2026 · 47 OS↗Supreme Isthmus v2.1
Beyond All Reason test-30874-203ff94
Naval balance tweaks off